MWL (24 & UNDER)
PLUMSTEAD EAGLES @ EVANSTON ELITISTS
09/17/2029
 
TOP OF THE 1ST
Plumstead Eagles batting - Pitching for Evanston Elitists : RHP Manny Campos
Pitching: RHP Manny Campos
Batting: RHB Chris Daly 0-0: Swinging Strike
0-1: Fly out, F9 (Flyball, 89D)
Batting: RHB Jason Powers 0-0: SINGLE (Groundball, 34D)
Batting: LHB Ismael Barajas 0-0: Ball
1-0: Ball
2-0: Called Strike
2-1: Ball
3-1: Foul Ball, location: 2F
3-2: Fielders Choice at 2nd, 4-6 (Groundball, 4)
Batting: LHB Conan Bush 0-0: Called Strike
0-1: Called Strike
0-2: Ball
1-2: Strikes out swinging
Top of the 1st over - 0 runs, 1 hit, 0 errors, 1 left on base; Plumstead 0 - Evanston 0
BOTTOM OF THE 1ST
Evanston Elitists batting - Pitching for Plumstead Eagles : RHP Archie King
Pitching: RHP Archie King
Batting: LHB George Flanagan 0-0: Ball
1-0: Ball
2-0: Called Strike
2-1: Ground out 5-3 (Groundball, 5)
Batting: LHB Javier Mejía 0-0: Ground out 4-3 (Groundball, 4)
Batting: SHB Ryan Roberts 0-0: Ball
1-0: Fly out, F8 (Line Drive, 89M)
Bottom of the 1st over - 0 runs, 0 hits, 0 errors, 0 left on base; Plumstead 0 - Evanston 0
TOP OF THE 2ND
Plumstead Eagles batting - Pitching for Evanston Elitists : RHP Manny Campos
Batting: SHB Joaquín Gilera 0-0: Ball
1-0: Ball
2-0: Ball
3-0: Base on Balls
Batting: RHB Jimmy Myers 0-0: Called Strike
0-1: Foul Ball, location: 2F
0-2: Ball
1-2: Ball
2-2: SINGLE (Line Drive, 4M)
Joaquín Gilera to second
Batting: RHB Larry Johnson 0-0: Foul Ball, location: 2F
0-1: Ball
1-1: Swinging Strike
1-2: Ball
2-2: Fly out, F9 (Flyball, 9)
Batting: LHB Joe Rutherford 0-0: Ball
Wild Pitch!
Joaquín Gilera to third
Jimmy Myers to second
1-0: Ball
2-0: Ball
3-0: Called Strike
3-1: Base on Balls
Batting: LHB António Álvarez 0-0: Called Strike
0-1: Foul Ball, location: 2F
0-2: Strikes out swinging
Batting: RHB Chris Daly 0-0: Called Strike
0-1: Called Strike
0-2: Fielders Choice at 2nd, 6-4 (Groundball, 6)
Top of the 2nd over - 0 runs, 1 hit, 0 errors, 3 left on base; Plumstead 0 - Evanston 0
BOTTOM OF THE 2ND
Evanston Elitists batting - Pitching for Plumstead Eagles : RHP Archie King
Batting: LHB Arthur Guzmán 0-0: Swinging Strike
0-1: Called Strike
0-2: Ball
1-2: Ball
2-2: Ball
3-2: Foul Ball, location: 2F
3-2: Strikes out looking
Batting: SHB Jacob Wilcox 0-0: Ball
1-0: Ball
2-0: Foul Ball, location: 2F
2-1: Ball
3-1: Foul Ball, location: 2F
3-2: Foul Ball, location: 2F
3-2: Strikes out swinging
Batting: RHB António Martínez 0-0: Ball
1-0: Swinging Strike
1-1: Ground out 6-3 (Groundball, 6)
Bottom of the 2nd over - 0 runs, 0 hits, 0 errors, 0 left on base; Plumstead 0 - Evanston 0
TOP OF THE 3RD
Plumstead Eagles batting - Pitching for Evanston Elitists : RHP Manny Campos
Batting: RHB Jason Powers 0-0: Ground out 5-3 (Groundball, 56)
Batting: LHB Ismael Barajas 0-0: Ball
1-0: Foul Ball, location: 2F
1-1: Ball
2-1: Ball
3-1: Swinging Strike
3-2: Fly out, F9 (Line Drive, 89XD)
Batting: LHB Conan Bush 0-0: Ball
1-0: Ground out U3 (Groundball, 34)
Top of the 3rd over - 0 runs, 0 hits, 0 errors, 0 left on base; Plumstead 0 - Evanston 0
BOTTOM OF THE 3RD
Evanston Elitists batting - Pitching for Plumstead Eagles : RHP Archie King
Batting: RHB Jorge Calderón 0-0: Ball
1-0: Ball
2-0: Ball
3-0: Base on Balls
Batting: RHB Henry Morris 0-0: Ball
1-0: Ball
2-0: Called Strike
2-1: Called Strike
2-2: Strikes out looking
Batting: SHB Claas van der Kuijl 0-0: Called Strike
0-1: Ball
1-1: Foul Ball, location: 2F
1-2: Ball
2-2: Ball
3-2: Foul Ball, location: 2F
3-2: Base on Balls
Jorge Calderón to second
Batting: LHB George Flanagan 0-0: Ball
1-0: Called Strike
1-1: Foul Ball, location: 2F
1-2: Strikes out swinging
Batting: LHB Javier Mejía 0-0: Foul Ball, location: 2F
0-1: Ball
1-1: Ball
2-1: Foul Ball, location: 2F
2-2: Ball
3-2: SINGLE (Groundball, 4MD)
Jorge Calderón to third
Claas van der Kuijl to second
Jorge Calderón scores
Claas van der Kuijl to third
Batting: SHB Ryan Roberts 0-0: Ball
1-0: Swinging Strike
1-1: Foul Ball, location: 2F
1-2: Strikes out looking
Bottom of the 3rd over - 1 run, 1 hit, 0 errors, 2 left on base; Plumstead 0 - Evanston 1
TOP OF THE 4TH
Plumstead Eagles batting - Pitching for Evanston Elitists : RHP Manny Campos
Batting: SHB Joaquín Gilera 0-0: Ball
1-0: Ball
2-0: Reached on error, E6 (Groundball, 6M)
Batting: RHB Jimmy Myers 0-0: Ball
1-0: Foul Ball, location: 2F
1-1: Ball
2-1: Foul Ball, location: 2F
2-2: Foul Ball, location: 2F
2-2: Foul Ball, location: 2F
2-2: Strikes out swinging
Batting: RHB Larry Johnson 0-0: Ball
1-0: Ball
2-0: Ball
3-0: Base on Balls
Joaquín Gilera to second
Batting: LHB Joe Rutherford 0-0: Ball
1-0: Fielders Choice at 2nd, 4-6 (Groundball, 4)
Joaquín Gilera to third
Batting: LHB António Álvarez 0-0: Foul Ball, location: 2F
0-1: Foul Ball, location: 2F
0-2: Ball
1-2: Ground out 2-3 (Groundball, 15S)
Top of the 4th over - 0 runs, 0 hits, 1 error, 2 left on base; Plumstead 0 - Evanston 1
BOTTOM OF THE 4TH
Evanston Elitists batting - Pitching for Plumstead Eagles : RHP Archie King
Batting: LHB Arthur Guzmán 0-0: Foul Ball, location: 2F
0-1: SINGLE (Line Drive, 4MD)
Batting: SHB Jacob Wilcox 0-0: Foul Ball, location: 2F
0-1: Ball
Arthur Guzmán is caught stealing 2nd base
1-1: Fly out, F8 (Flyball, 8RD)
Batting: RHB António Martínez 0-0: Ball
1-0: Ball
2-0: Foul Ball, location: 2F
2-1: Fly out, F8 (Flyball, 8LD)
Bottom of the 4th over - 0 runs, 1 hit, 0 errors, 0 left on base; Plumstead 0 - Evanston 1
TOP OF THE 5TH
Plumstead Eagles batting - Pitching for Evanston Elitists : RHP Manny Campos
Batting: RHB Chris Daly 0-0: Ball
1-0: Called Strike
1-1: Fly out, F8 (Flyball, 8LS)
Batting: RHB Jason Powers 0-0: Called Strike
0-1: Ball
1-1: Swinging Strike
1-2: Foul Ball, location: 2F
1-2: Strikes out looking
Batting: LHB Ismael Barajas 0-0: SINGLE (Groundball, 4MD)
Batting: LHB Conan Bush 0-0: Called Strike
0-1: Ball
1-1: DOUBLE (Line Drive, 8RD)
Ismael Barajas to third
Runner from 3rd tries for Home, SAFE, no throw
Batting: SHB Joaquín Gilera 0-0: Called Strike
0-1: Ground out U3 (Groundball, 3)
Top of the 5th over - 1 run, 2 hits, 0 errors, 1 left on base; Plumstead 1 - Evanston 1
BOTTOM OF THE 5TH
Evanston Elitists batting - Pitching for Plumstead Eagles : RHP Archie King
Batting: RHB Jorge Calderón 0-0: Ball
1-0: Foul Ball, location: 2F
1-1: SINGLE (Line Drive, 9S)
Pitching: RHP Broderick Miller
Batting: RHB Henry Morris 0-0: Called Strike
0-1: Foul Ball, location: 2F
0-2: Grounds into double play, 4-6-3 (Groundball, 4)
Batting: SHB Claas van der Kuijl 0-0: Ball
1-0: Called Strike
1-1: Ball
2-1: Foul Ball, location: 2F
2-2: Ball
3-2: Base on Balls
Batting: LHB George Flanagan 0-0: Ball
1-0: Reached on error, E4 (Groundball, 4)
Claas van der Kuijl to second
Batting: LHB Javier Mejía 0-0: Called Strike
0-1: Called Strike
0-2: Strikes out swinging
Bottom of the 5th over - 0 runs, 1 hit, 1 error, 2 left on base; Plumstead 1 - Evanston 1
TOP OF THE 6TH
Plumstead Eagles batting - Pitching for Evanston Elitists : RHP Manny Campos
Batting: RHB Jimmy Myers 0-0: Called Strike
0-1: Ball
1-1: Foul Ball, location: 2F
1-2: Strikes out swinging
Batting: RHB Larry Johnson 0-0: Foul Ball, location: 2F
0-1: Ball
1-1: Ball
2-1: Ball
3-1: Base on Balls
Pitching: RHP Barrett Pritchard
Batting: LHB Joe Rutherford 0-0: Hit by Pitch
Larry Johnson to second
Batting: LHB António Álvarez 0-0: Ball
1-0: Called Strike
1-1: Ball
2-1: Foul Ball, location: 2F
2-2: Strikes out swinging
Batting: RHB Chris Daly 0-0: Swinging Strike
0-1: Fly out, F9 (Flyball, 9LSF)
Top of the 6th over - 0 runs, 0 hits, 0 errors, 2 left on base; Plumstead 1 - Evanston 1
BOTTOM OF THE 6TH
Evanston Elitists batting - Pitching for Plumstead Eagles : RHP Broderick Miller
Batting: SHB Ryan Roberts 0-0: Ball
1-0: Fly out, F9 (Flyball, 9D)
Batting: LHB Arthur Guzmán 0-0: Called Strike
0-1: Ball
1-1: Ball
2-1: Ball
3-1: Swinging Strike
3-2: Strikes out looking
Batting: SHB Jacob Wilcox 0-0: Ball
1-0: Ball
2-0: Ball
3-0: Base on Balls
Batting: RHB António Martínez 0-0: Called Strike
Jacob Wilcox steals 2nd base
0-1: Ball
1-1: Called Strike
1-2: Ball
2-2: Ball
3-2: Foul Ball, location: 2F
3-2: Fly out, F8 (Flyball, 78S)
Bottom of the 6th over - 0 runs, 0 hits, 0 errors, 1 left on base; Plumstead 1 - Evanston 1
TOP OF THE 7TH
Plumstead Eagles batting - Pitching for Evanston Elitists : RHP Barrett Pritchard
Pinch Hitting: LHB Jerry Tolbert 0-0: Ball
1-0: Ball
2-0: Ball
3-0: Called Strike
3-1: Fly out, F9 (Flyball, 89M)
Batting: LHB Ismael Barajas 0-0: Foul Ball, location: 2F
0-1: Ball
1-1: Fly out, F3 (Line Drive, 3)
Batting: LHB Conan Bush 0-0: Ball
1-0: Ground out 1-3 (Groundball, 13)
Top of the 7th over - 0 runs, 0 hits, 0 errors, 0 left on base; Plumstead 1 - Evanston 1
BOTTOM OF THE 7TH
Evanston Elitists batting - Pitching for Plumstead Eagles : RHP Broderick Miller
Now in CF: Roberto Rodríguez
Batting: RHB Jorge Calderón 0-0: Foul Ball, location: 2F
0-1: Swinging Strike
0-2: Strikes out swinging
Pinch Hitting: LHB Jean-Sébastien Beaudin 0-0: Ball
1-0: Ball
2-0: Ball
3-0: Called Strike
3-1: Foul Ball, location: 2F
3-2: Base on Balls
Pitching: LHP Luis Hernández
Batting: SHB Claas van der Kuijl 0-0: Ball
1-0: Ground out 5-3 (Groundball, 56S)
Jean-Sébastien Beaudin to second
Pinch Hitting: RHB Ed Gaston 0-0: Foul Ball, location: 2F
0-1: Foul Ball, location: 2F
0-2: Ball
1-2: Strikes out swinging
Bottom of the 7th over - 0 runs, 0 hits, 0 errors, 1 left on base; Plumstead 1 - Evanston 1
TOP OF THE 8TH
Plumstead Eagles batting - Pitching for Evanston Elitists : RHP Barrett Pritchard
Now at 1B: Ed Gaston
Batting: SHB Joaquín Gilera 0-0: Called Strike
Now at 2B: Terry Lawrence 0-1: Foul Ball, location: 2F
0-2: Strikes out swinging
Pinch Hitting: LHB Víctor Peña 0-0: Foul Ball, location: 2F
0-1: Foul Ball, location: 2F
0-2: Foul Ball, location: 2F
0-2: Ball
1-2: Strikes out swinging
Pinch Hitting: RHB David Rodríguez 0-0: Ball
1-0: Ground out 3-1 (Groundball, 34S)
Top of the 8th over - 0 runs, 0 hits, 0 errors, 0 left on base; Plumstead 1 - Evanston 1
BOTTOM OF THE 8TH
Evanston Elitists batting - Pitching for Plumstead Eagles : LHP Luis Hernández
Now at SS: David Rodríguez
Now in LF: Víctor Peña
Batting: LHB Javier Mejía 0-0: Called Strike
0-1: Ball
1-1: Foul Ball, location: 2F
1-2: Strikes out swinging
Batting: SHB Ryan Roberts 0-0: Called Strike
0-1: Swinging Strike
0-2: Foul Ball, location: 2F
0-2: Foul Ball, location: 2F
0-2: Strikes out looking
Batting: LHB Arthur Guzmán 0-0: Foul Ball, location: 2F
0-1: Foul Ball, location: 2F
0-2: Ball
1-2: Strikes out swinging
Bottom of the 8th over - 0 runs, 0 hits, 0 errors, 0 left on base; Plumstead 1 - Evanston 1
TOP OF THE 9TH
Plumstead Eagles batting - Pitching for Evanston Elitists : RHP Barrett Pritchard
Pitching: LHP Gregory Thompson
Pinch Hitting: RHB Lúcio Alfaro 0-0: Called Strike
0-1: Ball
1-1: Ground out 4-3 (Groundball, 4)
Pinch Hitting: RHB J.T. Paull 0-0: Called Strike
0-1: Ball
1-1: Swinging Strike
1-2: Ground out 6-3 (Groundball, 6)
Pinch Hitting: RHB John Small 0-0: Called Strike
0-1: Ball
1-1: Ball
2-1: Ball
3-1: Called Strike
3-2: Ground out 6-3 (Groundball, 6)
Top of the 9th over - 0 runs, 0 hits, 0 errors, 0 left on base; Plumstead 1 - Evanston 1
BOTTOM OF THE 9TH
Evanston Elitists batting - Pitching for Plumstead Eagles : LHP Luis Hernández
Pitching: RHP Michael Bane
Now at 2B: Lúcio Alfaro
Now at 3B: Bob Casey
Now in CF: Broderick Dempsey
Batting: SHB Jacob Wilcox 0-0: Ball
1-0: Foul Ball, location: 2F
1-1: Swinging Strike
1-2: Foul Ball, location: 2F
1-2: Ball
2-2: Fly out, F8 (Flyball, 8LD)
Batting: RHB António Martínez 0-0: Called Strike
0-1: SINGLE (Line Drive, 7LS)
Batting: RHB Jorge Calderón 0-0: Swinging Strike
0-1: 2-RUN HOME RUN (Flyball, 7LD), Distance : 339 ft
Saturday, December 16th, 2017 - OOTP Baseball 18.8 Build 76